 Dungeon Crawl Stone Soup version 0.21.1-1-g345015fe64 (webtiles) character file.

109 Gargoyl the Skirmisher (level 4, -3/40 HPs)
             Began as a Centaur Abyssal Knight on June 20, 2018.
             Was a Follower of Lugonu.
             Slain by an ogre
             ... wielding a +0 giant club
              (15 damage)
             ... on level 4 of the Dungeon on June 21, 2018.
             The game lasted 00:04:50 (2792 turns).

Gargoyl the Skirmisher (Centaur Abyssal Knight)     Turns: 2792, Time: 00:04:51

Health: -3/40      AC: 13    Str: 15    XL:     4   Next: 59%
Magic:  6/6        EV:  4    Int: 13    God:    Lugonu [*.....]
Gold:   138        SH:  0    Dex:  9    Spells: 3/3 levels left

rFire    . . .     SeeInvis .   a - +2 hand axe
rCold    + + .     Gourm    .   (no shield)
rNeg     . . .     Faith    .   j - +0 chain mail
rPois    .         Spirit   .   d - +2 helmet of the Oligarchy {rC++}
rElec    .         Reflect  .   o - +0 cloak
rCorr    .         Harm     .   e - +0 pair of gloves
MR       .....                  (no barding)
Stlth    ..........             (no amulet)
HPRegen  0.13/turn              h - +2 ring of intelligence
MPRegen  0.10/turn              (no ring)

@: very quick
A: large, hooves 3, deformed body, speed 2, tough skin 3
a: Depart the Abyss, Renounce Religion


You were on level 4 of the Dungeon.
You worshipped Lugonu.
Lugonu was aware of your devotion.
You were not hungry.

You visited 1 branch of the dungeon, and saw 4 of its levels.
You visited the Abyss 1 time.

You collected 138 gold pieces.

Inventory:

Hand Weapons
 a - a +2 hand axe (weapon)
Armour
 d - the +2 helmet of the Oligarchy (worn) {rC++}
   (You found it on level 2 of the Abyss)

   It greatly protects you from cold.
 e - a +0 pair of gloves (worn)
 j - a +0 chain mail (worn)
 o - a +0 cloak (worn)
Jewellery
 h - a +2 ring of intelligence (left hand)
Wands
 g - a wand of random effects (38)
Scrolls
 m - a scroll of remove curse
Potions
 b - a potion of haste {unknown}
 f - a potion of flight {unknown}
 i - a potion of curing
 k - a potion of berserk rage {unknown}
 l - a potion of heal wounds {unknown}
 n - a potion of resistance {unknown}
Comestibles
 c - 6 rations


   Skills:
 + Level 3.7 Fighting
 + Level 2.5 Axes
 * Level 2.2 Armour
 + Level 1.0 Dodging
 * Level 2.7 Invocations


You had 3 spell levels left.
You didn't know any spells.

Dungeon Overview and Level Annotations

Branches:
Dungeon (4/15)             Temple (0/1) D:4

Altars:

Shops:
D:4 *

Annotations:
D:4 exclusion: oklob sapling


Innate Abilities, Weirdness & Mutations

You have hooves in place of feet.
Armour fits poorly on your strangely shaped body.
You cover ground very quickly.
You have extremely tough skin. (AC +3)


Message History

The ogre hits you with a giant club.
You hit the ogre.
The ogre is moderately wounded.
The ogre hits you with a giant club.
You hit the ogre.
The ogre is heavily wounded.
The ogre barely misses you.
You hit the ogre. You kick the ogre, but do no damage.
The ogre is severely wounded.
You hit the ogre.
The ogre is severely wounded.
The ogre hits you with a giant club.
Your chain mail prevents you from hitting the ogre.
The ogre is severely wounded.
The ogre hits you with a giant club!!
Ouch! That really hurt!
* * * LOW HITPOINT WARNING * * *
It was a potion of curing.
You feel better. The ogre hits you with a giant club!
You die...

##.## ####.#†##.# #.
..!.. #.#.##.#
......##########......#
......#...O........####
.......O##.##.######
....[.#.##.##...#
..w........##.#....
......#.#####.#..P...
#######w.OO@..#


.PPP. ######### PP.PP P>.P PP.P You could see 2 ogres and a dart slug.

Vanquished Creatures
  Ijyb (D:3)
  2 adders
  An adder skeleton (D:4)
  A worm (D:2)
  2 dart slugs
  3 leopard geckos
  An orc (D:4)
  3 ball pythons
  2 giant cockroaches
  3 goblins
  11 hobgoblins
  3 jackals (D:2)
  A kobold (D:3)
  A quokka (D:2)
  4 bats
  3 frilled lizards
  6 rats
48 creatures vanquished.

Notes
Turn   | Place    | Note
-------+----------+-------------------------------------------
     0 | Abyss:1  | Gargoyl the Centaur Abyssal Knight began the quest for the Orb.
     0 | Abyss:1  | Reached XP level 1. HP: 19/19 MP: 2/2
    43 | Abyss:2  | Noticed a large abomination
    47 | Abyss:2  | Noticed an ice beast
    54 | Abyss:2  | Got a twisted helmet
    55 | D:1      | Escaped the Abyss
    61 | D:1      | Identified the +2 helmet of the Oligarchy {rC++} (You found it on level 2 of the Abyss)
   101 | D:1      | Reached * piety under Lugonu
   125 | D:1      | Reached XP level 2. HP: 21/26 MP: 3/3
   838 | D:2      | Reached XP level 3. HP: 30/33 MP: 4/4
  1899 | D:3      | Noticed Ijyb
  1934 | D:3      | Killed Ijyb
  1934 | D:3      | Reached skill level 1 in Dodging
  1934 | D:3      | Reached XP level 4. HP: 17/40 MP: 5/5
  2645 | D:4      | Found Cyuseiti's Elemental Accessories.
  2770 | D:4      | Found a staircase to the Ecumenical Temple.
  2770 | D:4      | Noticed an ogre
  2772 | D:4      | Noticed an ogre
  2792 | D:4      | Slain by an ogre

Skill      XL: |  1  2  3 |
---------------+----------+-----
Axes           | 2 |  2.5
Armour         | 2 |  2.2
Dodging        | 1 |  1.0
Fighting       | |  3.7
Invocations    | |  2.7

Action                   |  1- 3 |  4- 6 || total
-------------------------+-------+-------++-------
Melee: Hand axe          |   133 |    41 ||   174
       Kick              |    14 |    10 ||    24
Invok: Depart the Abyss  |     1 |       ||     1
  Use: Scroll            |     1 |     2 ||     3
       Potion            |       |     1 ||     1
  Eat: Chunk             |     1 |     2 ||     3
       Ration            |       |     1 ||     1
Armor: Leather armour    |    28 |       ||    28
       Chain mail        |    58 |    28 ||    86
Dodge: Dodged            |    48 |    11 ||    59
